 Dungeon Crawl Stone Soup version 0.21.0-24-g2553a33 (webtiles) character file.

1733 pstr the Digger (level 9, -2/70 HPs)
             Began as a Naga Earth Elementalist on Jan 20, 2018.
             Was a Follower of Cheibriados.
             Slain by an orc warrior
             ... wielding a +0 halberd
              (22 damage)
             ... on level 6 of the Dungeon.
             The game lasted 00:20:03 (7452 turns).

pstr the Digger (Naga Earth Elementalist)           Turns: 7452, Time: 00:20:03

Health: -2/70      AC:  9    Str: 12    XL:     9   Next: 5%
Magic:  1/18       EV: 10    Int: 21    God:    Cheibriados [*.....]
Gold:   249        SH:  0    Dex: 14    Spells: 11/20 levels left

rFire    . . .     SeeInvis +   g - +2 dagger (flame)
rCold    . . .     Gourm    .   (no shield)
rNeg     . . .     Faith    .   I - +2 leather armour {MR+}
rPois    +         Spirit   .   B - +1 helmet
rElec    .         Reflect  .   (no cloak)
rCorr    .         Harm     .   y - +0 pair of gloves
MR       ++...                  (no barding)
Stlth    +.........             (no amulet)
HPRegen  0.21/turn              E - ring of wizardry
MPRegen  0.16/turn              w - ring of loudness (curse)

@: very slow
A: large, see invisible, deformed body, poison resistance, slowness 2, slow
metabolism 1, spit poison 1, AC +3
a: Spit Poison, Bend Time, Renounce Religion


You were on level 6 of the Dungeon.
You worshipped Cheibriados.
Cheibriados was aware of your devotion.
You were not hungry.

You visited 1 branch of the dungeon, and saw 6 of its levels.

You collected 249 gold pieces.

Inventory:

Hand Weapons
 g - a +2 dagger of flaming (weapon)
 t - a +5 short sword of venom
Missiles
 b - 114 stones (quivered)
 k - 180 arrows
Armour
 c - a +0 robe
 n - a +0 helmet
 v - a +0 leather armour
 y - a +0 pair of gloves (worn)
 B - a +1 helmet (worn)
 C - a +2 hat
 F - a +2 large shield
 I - a +2 leather armour of magic resistance (worn)
 K - a +0 leather armour of cold resistance
Jewellery
 i - an uncursed ring of positive energy
 w - a cursed ring of loudness (right hand)
 A - an uncursed ring of stealth
 E - a ring of wizardry (left hand)
 H - an uncursed ring of stealth
Scrolls
 j - 2 scrolls of immolation {unknown}
 l - 2 scrolls of enchant armour {unknown}
 m - 6 scrolls of teleportation {unknown}
 p - 2 scrolls of enchant weapon {unknown}
 r - a scroll of random uselessness {unknown}
 u - 2 scrolls of fog {unknown}
 x - 6 scrolls of identify {unknown}
 z - a scroll of magic mapping {unknown}
 G - 2 scrolls of amnesia {unknown}
 J - a scroll of remove curse {unknown}
Potions
 a - 3 potions of curing
 f - a potion of might
 h - 2 potions of berserk rage {unknown}
 o - a potion of resistance {unknown}
 q - a potion of degeneration {unknown}
 s - 2 potions of lignification {unknown}
 D - a potion of flight {unknown}
Books
 e - a book of Geomancy

   Spells                             Type                      Level
   a - Sandblast                      Earth                        1
   b - Passwall                       Transmutation/Earth          2
   c - Stone Arrow                    Conjuration/Earth            3
   d - Petrify                        Transmutation/Earth          4
   e - Lee's Rapid Deconstruction     Earth                        5
Comestibles
 d - 10 rations


   Skills:
 + Level 1.0 Fighting
 + Level 0.4 Short Blades
 + Level 1.9 Armour
 + Level 2.5 Dodging
 + Level 4.1 Stealth
 + Level 6.4 Spellcasting
 + Level 3.9 Conjurations
   Level 1.0 Transmutations
 + Level 7.3 Earth Magic


You had 11 spell levels left.
You knew the following spells:

 Your Spells              Type           Power        Failure   Level  Hunger
a - Sandblast             Erth           #####.       1%          1    None
b - Stone Arrow           Conj/Erth      ####..       1%          3    #......
c - Lee's Rapid Deconstr  Erth           #####.....   6%          5    #####..


Dungeon Overview and Level Annotations

Branches:
Dungeon (6/15)             Temple (0/1) D:6

Altars:
Cheibriados
Elyvilon
Fedhas
Sif Muna
Vehumet
Zin

Shops:
D:5 *


Innate Abilities, Weirdness & Mutations

You cannot wear boots.
Your serpentine skin is tough. (AC +3)
You have supernaturally acute eyesight. (SInv)
Armour fits poorly on your strangely shaped body.
Your system is resistant to poisons. (rPois)
You cover ground very slowly.
You have a slow metabolism.
You can spit poison.


Message History

b - 114 stones The orc hits you with a falchion.
* * * LOW HITPOINT WARNING * * *
The orc warrior hits you from afar with a halberd.
* * * LOW HITPOINT WARNING * * *
The orc warrior hits you but does no damage.
The orc closely misses you.
An orc comes into view. It is wielding a short sword.
You see here a worker ant corpse.
The orc warrior barely misses you.
You feel better. The orc barely misses you.
The orc warrior hits you but does no damage.
You feel better. The orc hits you with a falchion.
You feel better.
The orc warrior hits you from afar with a halberd!!
* * * LOW HITPOINT WARNING * * *
The orc barely misses you.
You feel better.
The orc warrior hits you from afar with a halberd!!
You die...

##...# ♣ #...#
#...#######
##........#
#.########
#######.## .
.........#
....########..#
.......@oo##..##
#.#.#####..#...#####
#.P..PP.....
#.PP.o......
#...>P......
.'o...P......
...##...PP..... ....
........... ###
####.#..>###


You could see an orc warrior and 2 orcs.

Vanquished Creatures
  Sigmund (D:5)
  Eustachio (D:5)
  A hornet zombie (D:5)
  2 ice beasts
  2 ogres (D:4)
  2 centaurs
  A necrophage (D:3)
  Blork the orc (D:5)
  3 crimson imps
  A centaur zombie (D:6)
  2 bullfrog zombies
  2 hounds
  A jelly (D:5)
  2 orc wizards
  An iguana (D:5)
  Terence (D:3)
  3 worker ants
  5 adders
  A shadow imp (D:5)
  An adder zombie (D:5)
  2 adder skeletons (D:4)
  A worm (D:3)
  A leopard gecko (D:2)
  10 orcs
  2 ball pythons
  5 giant cockroaches
  16 goblins
  10 hobgoblins
  6 jackals (D:1)
  12 kobolds
  3 quokkas
  9 bats
  5 frilled lizards
  A jackal skeleton (D:4)
  A leopard gecko zombie (D:5)
  8 rats
126 creatures vanquished.

Notes
Turn   | Place    | Note
-------+----------+-------------------------------------------
     0 | D:1      | pstr the Naga Earth Elementalist began the quest for the Orb.
     0 | D:1      | Reached XP level 1. HP: 15/15 MP: 3/3
   382 | D:1      | Reached XP level 2. HP: 22/22 MP: 3/5
   625 | D:1      | Reached XP level 3. HP: 23/28 MP: 0/6
   630 | D:1      | Learned a level 3 spell: Stone Arrow
  1881 | D:2      | HP: 1/28 [goblin/stone (4)]
  2109 | D:2      | Reached skill level 1 in Conjurations
  2109 | D:2      | Reached XP level 4. HP: 36/36 MP: 0/7
  2270 | D:2      | Reached skill level 4 in Earth Magic
  2658 | D:2      | Reached XP level 5. HP: 42/42 MP: 5/9
  3015 | D:3      | Noticed Terence
  3027 | D:3      | Killed Terence
  3519 | D:3      | Noticed a necrophage
  3532 | D:3      | Killed a necrophage
  3532 | D:3      | Reached XP level 6. HP: 41/48 MP: 0/11
  3796 | D:3      | Found a white marble altar of Elyvilon.
  4188 | D:4      | Reached skill level 5 in Earth Magic
  4413 | D:4      | Reached XP level 7. HP: 55/55 MP: 6/13
  4418 | D:4      | Found a deep blue altar of Sif Muna.
  5067 | D:4      | Found a snail-covered altar of Cheibriados.
  5071 | D:4      | Became a worshipper of Cheibriados the Contemplative
  5171 | D:4      | Found a deep blue altar of Sif Muna.
  5427 | D:4      | Found a radiant altar of Vehumet.
  5427 | D:4      | Found a glowing silver altar of Zin.
  5496 | D:5      | Entered Level 5 of the Dungeon
  5505 | D:5      | Noticed Sigmund
  5567 | D:5      | Noticed Blork the orc
  5570 | D:5      | Killed Sigmund
  5570 | D:5      | Reached skill level 5 in Spellcasting
  5577 | D:5      | Killed Blork the orc
  5787 | D:5      | Reached skill level 6 in Earth Magic
  5787 | D:5      | Reached XP level 8. HP: 52/62 MP: 3/16
  6113 | D:5      | Noticed Eustachio
  6123 | D:5      | Killed Eustachio
  6398 | D:5      | Learned a level 5 spell: Lee's Rapid Deconstruction
  6619 | D:5      | Reached * piety under Cheibriados
  6747 | D:5      | Found Ryf Hol's Assorted Antiques.
  7086 | D:6      | Reached skill level 7 in Earth Magic
  7211 | D:6      | Reached skill level 1 in Armour
  7258 | D:6      | Reached skill level 1 in Fighting
  7258 | D:6      | Reached XP level 9. HP: 69/69 MP: 6/18
  7379 | D:6      | Found a blossoming altar of Fedhas.
  7423 | D:6      | Found a staircase to the Ecumenical Temple.
  7452 | D:6      | Slain by an orc warrior

Skill      XL: |  1  2  3  4  5  6  7  8 |
---------------+-------------------------+-----
Conjurations   | 1 2 3 |  3.9
Earth Magic    | 4 5 6 7 |  7.3
Spellcasting   | 3 4 5 6 |  6.4
Dodging        | 2 |  2.5
Stealth        | 4 |  4.1
Armour         | 1 |  1.9
Fighting       | 1 |  1.0
Short Blades   | |  0.4
Transmutations | |  1.0

Action                   |  1- 3 |  4- 6 |  7- 9 || total
-------------------------+-------+-------+-------++-------
Melee: Unarmed           |     1 |       |       ||     1
       Dagger            |       |     8 |     6 ||    14
 Cast: Sandblast         |    36 |    42 |    42 ||   120
       Stone Arrow       |    13 |    29 |    57 ||    99
       Lee's Rapid Decon |       |       |     2 ||     2
 Abil: Spit Poison       |    20 |    12 |    11 ||    43
  Use: Potion            |     1 |     1 |     4 ||     6
  Eat: Chunk             |     5 |     9 |     8 ||    22
       Ration            |       |       |     1 ||     1
Armor: Robe              |     6 |     1 |    13 ||    20
       Leather armour    |       |       |    14 ||    14
Dodge: Dodged            |    23 |    20 |    39 ||    82
